 Dungeon Crawl Stone Soup version 0.23.1 (webtiles) character file.

Game seed: 0

17884 Lanoc the Grappler (level 12, -3/107 HPs)
             Began as a Troll Monk on Mar 1, 2019.
             Was an Elder of Hepliaklqana.
             Slain by an entropy weaver (11 damage)
             ... on level 11 of the Dungeon.
             The game lasted 00:19:10 (6860 turns).

Lanoc the Grappler (Troll Monk)                     Turns: 6860, Time: 00:19:11

Health: -3/107     AC: 15    Str: 22    XL:     12   Next: 22%
Magic:  14/14      EV:  9    Int:  6    God:    Hepliaklqana [****..]
Gold:   615        SH:  0    Dex: 16    Spells: 11/11 levels left

rFire    . . .     SeeInvis .     - Unarmed
rCold    . . .     Gourm    +   r - +0 shield
rNeg     . . .     Faith    .   d - +0 shadow dragon scales
rPois    .         Spirit   .   o - +2 hat
rElec    .         Reflect  .   j - +1 cloak
rCorr    .         Harm     .   (gloves unavailable)
MR       +....                  (boots unavailable)
Stlth    +++.......             (no amulet)
HPRegen  0.67/turn              a - ring of stealth
MPRegen  0.14/turn              u - ring of protection from magic

@: confused, corroded, very slightly contaminated
A: large, unfitting armour, reduced essence, claws 3, large bone plates 1, fast
metabolism 3, gourmand, regeneration 1, shaggy fur 1, tough skin 3, wild magic
1, MP-powered wands
a: Recall Ancestor, Ancestor Identity, Transference, Idealise, Renounce Religion


You were on level 11 of the Dungeon.
You worshipped Hepliaklqana.
Hepliaklqana was greatly pleased with you.
You were not hungry.

You visited 2 branches of the dungeon, and saw 13 of its levels.

You collected 615 gold pieces.

Inventory:

Missiles
 k - 6 large rocks (quivered)
Armour
 d - +0 shadow dragon scales (worn)
 j - a +1 cloak (worn)
 o - a +2 hat (worn)
 r - a +0 shield (worn)
Jewellery
 a - a ring of stealth (left claw)
 u - a ring of protection from magic (right claw)
Wands
 s - a wand of random effects (28)
 y - a wand of acid (17)
 z - a wand of flame (4)
 A - a wand of iceblast (21)
 B - a wand of digging (6)
Scrolls
 e - a scroll of magic mapping
 f - 2 scrolls of remove curse
 i - 5 scrolls of identify
 l - a scroll of fog
 n - 2 scrolls of teleportation
 q - a scroll of blinking
 x - a scroll of enchant weapon
 C - a scroll of fear
 E - a scroll of amnesia
Potions
 c - 3 potions of curing
 g - a potion of ambrosia
 h - 3 potions of lignification
 m - 2 potions of mutation
Comestibles
 b - 25 rations


   Skills:
 + Level 8.0 Fighting
 + Level 2.3 Armour
 + Level 7.9 Dodging
 - Level 1.0 Stealth
 + Level 6.4 Shields
 * Level 12.8 Unarmed Combat
 + Level 4.0 Invocations


You had 11 spell levels left.
You didn't know any spells.
Your spell library contained the following spells:

 Spells                   Type           Power        Failure   Level  Hunger
 Corona                   Hex            #......      100%        1    ##.....
 Freeze                   Ice            #...         100%        1    ##.....
 Ensorcelled Hibernation  Hex/Ice        #.....       100%        2    ###....
 Slow                     Hex            #.......     100%        2    ###....
 Throw Frost              Conj/Ice       #.....       100%        2    ###....
 Confuse                  Hex            #.......     100%        3    ####...
 Dazzling Spray           Conj/Hex       #.....       100%        3    ####...
 Ozocubu's Armour         Chrm/Ice       #.......     100%        3    ####...
 Summon Guardian Golem    Hex/Summ       #.......     100%        3    ####...
 Tukima's Dance           Hex            #.......     100%        3    ####...
 Fulminant Prism          Conj/Hex       #.........   100%        4    #####..
 Summon Ice Beast         Ice/Summ       #.......     100%        4    #####..
 Throw Icicle             Conj/Ice       #.......     100%        4    #####..
 Silence                  Hex/Air        #.........   100%        5    ######.
 Statue Form              Tmut/Erth      #........    100%        6    #######


Dungeon Overview and Level Annotations

Branches:
Dungeon (12/15)            Temple (1/1) D:6            Lair (0/6) D:11
    Orc (0/2) D:10

Altars:
Ashenzari
Cheibriados
Dithmenos
Elyvilon
Fedhas
Gozag
Hepliaklqana
Kikubaaqudgha
Makhleb
Nemelex Xobeh
Okawaru
Qazlal
Ru
Trog
Uskayaw
Vehumet
Wu Jian
Xom
Yredelemnul
Zin
The Shining One

Shops:
D:6 (   D:7 [


Innate Abilities, Weirdness & Mutations

You are too large for most types of armour.
You have claws for hands.
Your metabolism is lightning-fast.
You like to eat raw meat.
Your natural rate of healing is unusually fast.
You are covered in fur. (AC +1)
You have extremely tough skin. (AC +3)
Your life essence is reduced to manifest your ancestor. (-10% HP)
You are partially covered in large bone plates. (SH +4)
Your spells are a little harder to cast, but a little more powerful.
You expend magic power (3 MP) to strengthen your wands.


Message History

The entropy weaver is lightly wounded.
You block the entropy weaver's attack. The entropy weaver barely misses you.
You block the entropy weaver's attack. The entropy weaver hits you.
* * * LOW HITPOINT WARNING * * *
You are confused.
You feel invigorated. The entropy weaver hits you.
* * * LOW HITPOINT WARNING * * *
The entropy weaver hits you.
* * * LOW HITPOINT WARNING * * *
The entropy weaver hits you.
* * * LOW HITPOINT WARNING * * *
The entropy weaver hits you.
* * * LOW HITPOINT WARNING * * *
You closely miss the entropy weaver.
The entropy weaver is lightly wounded.
The entropy weaver hits you but does no damage.
The entropy weaver hits you.
* * * LOW HITPOINT WARNING * * *
The entropy weaver hits you!
You die...

############
#.†........#
#..........#
#..........#######
#@[...........>##.
#†a........###....
######.##### ####.
#.# #. #.# #. #.#
###. #.# #... #.#
##.. #.# #..


You could see an entropy weaver.

Vanquished Creatures
  Snorg (D:10)
  A hydra (D:12)
  The ghost of Lanoc the Basher, a journeyman GrFi of Zin (D:11)
  A two-headed ogre (D:8)
  A tengu warrior (D:11)
  The ghost of Folque the Geomancer, a novice DrEE of Sif Muna (D:11)
  An unseen horror (D:12)
  An ugly thing (D:11)
  A gargoyle (D:11)
  A kobold demonologist (D:12)
  A komodo dragon (D:11)
  3 trolls
  A tengu conjurer (D:11)
  3 hippogriffs
  A spriggan (D:8)
  A shadow (D:12)
  4 yaks (D:9)
  2 basilisks
  3 hungry ghosts
  A steam dragon (D:10)
  6 soldier ants
  4 ice beasts
  5 sky beasts
  4 orc warriors
  2 black bears
  11 ogres
  An eye of draining (D:8)
  A crocodile (D:8)
  3 centaurs (D:11)
  2 big kobolds
  A gnoll sergeant (D:5)
  7 bullfrogs
  A wyvern zombie (D:9)
  3 scorpions
  2 killer bees (D:11)
  4 wights (D:11)
  2 electric eels (D:6)
  4 howler monkeys
  A centaur zombie (D:12)
  6 crimson imps
  A bullfrog zombie (D:10)
  5 hounds
  2 jellies
  5 orc priests
  A bullfrog skeleton (D:11)
  5 orc wizards
  4 centaur skeletons
  4 iguanas
  15 worker ants
  A hound zombie (D:11)
  A hound skeleton (D:4)
  3 worker ant zombies
  7 adders
  7 gnolls
  3 shadow imps
  An ooze (D:4)
  An adder zombie (D:5)
  2 adder skeletons
  3 worms
  A dart slug (D:2)
  17 orcs
  2 bats (D:3)
  5 giant cockroaches
  2 goblins
  7 hobgoblins
  2 jackals (D:4)
  10 kobolds
  A quokka (D:2)
  A ball python skeleton (D:5)
  2 frilled lizards
  2 leopard gecko skeletons
  2 leopard gecko zombies
  2 rats
  A plant (D:11)
228 creatures vanquished.

Vanquished Creatures (collateral kills)
  A two-headed ogre (D:12)
  An ugly thing (D:11)
  A cyclops (D:12)
  A yak (D:9)
  A wyvern (D:7)
  A sky beast (D:8)
  An eye of draining (D:12)
  An ogre (D:7)
  A bullfrog (D:9)
  A wyvern skeleton (D:9)
  A killer bee (D:11)
  A hound (D:12)
  An orc wizard (D:9)
  An adder skeleton (D:6)
  An orc (D:8)
  A kobold (D:10)
16 creatures vanquished.

Vanquished Creatures (others)
  7 hexers
7 creatures vanquished.

Grand Total: 251 creatures vanquished

Notes
Turn   | Place    | Note
-------+----------+-------------------------------------------
     0 | D:1      | Lanoc the Troll Monk began the quest for the Orb.
     0 | D:1      | Reached XP level 1. HP: 22/22 MP: 0/0
   211 | D:2      | Reached XP level 2. HP: 29/29 MP: 1/1
   217 | D:2      | Reached XP level 3. HP: 35/36 MP: 2/2
   433 | D:3      | Reached skill level 4 in Unarmed Combat
   480 | D:3      | Reached XP level 4. HP: 44/44 MP: 3/3
   631 | D:4      | Reached XP level 5. HP: 53/53 MP: 4/4
   673 | D:4      | Reached skill level 5 in Unarmed Combat
   719 | D:4      | Noticed an ogre
   733 | D:4      | Killed an ogre
   733 | D:4      | Reached XP level 6. HP: 18/61 MP: 5/5
  1179 | D:5      | Entered Level 5 of the Dungeon
  1182 | D:5      | Reached skill level 6 in Unarmed Combat
  1182 | D:5      | Reached XP level 7. HP: 68/68 MP: 6/6
  1313 | D:5      | Reached skill level 7 in Unarmed Combat
  1434 | D:5      | Reached XP level 8. HP: 72/79 MP: 7/7
  1719 | D:6      | Reached skill level 1 in Shields
  1757 | D:6      | Found Ejyowy's Weapon Boutique.
  1870 | D:6      | Found a staircase to the Ecumenical Temple.
  1880 | Temple   | Entered the Ecumenical Temple
  2061 | Temple   | Became a worshipper of Hepliaklqana the Forgotten
  2061 | Temple   | Reached * piety under Hepliaklqana
  2061 | Temple   | Reached ** piety under Hepliaklqana
  2062 | Temple   | Remembered your ancestor Iltani as a hexer
  2469 | D:6      | Reached skill level 8 in Unarmed Combat
  2607 | D:7      | Reached skill level 5 in Fighting
  2607 | D:7      | Reached skill level 5 in Dodging
  2664 | D:7      | Found Esomom's Armour Shoppe.
  2748 | D:7      | Found a stormy altar of Qazlal.
  2754 | D:7      | Found a blossoming altar of Fedhas.
  2878 | D:7      | Reached XP level 9. HP: 79/79 MP: 8/8
  2939 | D:7      | Found a basalt altar of Yredelemnul.
  2939 | D:7      | Found a shadowy altar of Dithmenos.
  3013 | D:7      | Found a bloodstained altar of Trog.
  3084 | D:8      | Found a glowing golden altar of the Shining One.
  3101 | D:8      | Noticed a two-headed ogre
  3109 | D:8      | Killed a two-headed ogre
  3109 | D:8      | Reached skill level 9 in Unarmed Combat
  3413 | D:8      | Reached *** piety under Hepliaklqana
  3541 | D:8      | Reached skill level 10 in Unarmed Combat
  3557 | D:8      | Found a white marble altar of Elyvilon.
  3826 | D:9      | Reached XP level 10. HP: 88/88 MP: 9/9
  4255 | D:9      | Reached skill level 11 in Unarmed Combat
  4332 | D:9      | Reached skill level 5 in Shields
  4438 | D:9      | Found an ornate altar of the Wu Jian Council.
  4649 | D:10     | Entered Level 10 of the Dungeon
  4822 | D:10     | Reached **** piety under Hepliaklqana
  4927 | D:10     | Found a staircase to the Orcish Mines.
  5077 | D:10     | Noticed Snorg
  5101 | D:10     | HP: 4/91 [Snorg (13)]
  5103 | D:10     | Gained mutation: You are partially covered in large bone
                  | plates. (SH +4) [potion of mutation]
  5103 | D:10     | Gained mutation: Your spells are a little harder to cast,
                  | but a little more powerful. [potion of mutation]
  5103 | D:10     | Gained mutation: You expend magic power (3 MP) to
                  | strengthen your wands. [potion of mutation]
  5113 | D:10     | Killed Snorg
  5113 | D:10     | Reached XP level 11. HP: 12/98 MP: 10/10
  5423 | D:11     | Reached skill level 1 in Invocations
  5468 | D:11     | Found a runed translucent gate.
  5468 | D:11     | Found a runed translucent gate.
  5469 | D:11     | Found a runed translucent gate.
  5472 | D:11     | Noticed Lanoc's ghost (journeyman GrFi)
  5472 | D:11     | Noticed Folque's ghost (novice DrEE)
  5514 | D:11     | Killed Lanoc's ghost
  5521 | D:11     | Killed Folque's ghost
  5545 | D:11     | Identified the Handbook of Earthen Hexes
  5578 | D:11     | Noticed a tengu warrior
  5597 | D:11     | Killed a tengu warrior
  5738 | D:11     | Reached skill level 12 in Unarmed Combat
  5886 | D:11     | Noticed a red ugly thing
  5886 | D:11     | Noticed a brown ugly thing
  5896 | D:11     | Killed a brown ugly thing
  6017 | D:11     | Killed a brown ugly thing
  6098 | D:11     | Reached skill level 1 in Armour
  6246 | D:11     | Found a staircase to the Lair.
  6473 | D:12     | Noticed a two-headed ogre
  6485 | D:12     | Killed a two-headed ogre
  6609 | D:12     | Reached XP level 12. HP: 107/107 MP: 10/13
  6624 | D:12     | Got an iridescent whip
  6625 | D:12     | Identified the +4 whip of the Badger {slash, *Contam +Inv
                  | MR++ Int+4} (You found it on level 12 of the Dungeon)
  6741 | D:12     | Noticed a four-headed hydra
  6749 | D:12     | Killed a four-headed hydra
  6787 | D:12     | Noticed an entropy weaver
  6860 | D:11     | Slain by an entropy weaver

Skill      XL: |  1  2  3  4  5  6  7  8  9 10 11 12 |
---------------+-------------------------------------+-----
Unarmed Combat | 4 5 6 7 8 10 11 12 | 12.8
Fighting       | 3 4 5 6 7 8 |  8.0
Dodging        | 3 4 5 6 7 |  7.9
Shields        | 2 4 5 6 |  6.4
Invocations    | 3 4 |  4.0
Armour         | 1 2 |  2.3
Stealth        | |  1.0

Action                   |  1- 3 |  4- 6 |  7- 9 | 10-12 || total
-------------------------+-------+-------+-------+-------++-------
Melee: Unarmed           |    69 |    83 |   232 |   495 ||   879
       Punch             |     2 |     1 |     2 |       ||     5
Throw: Large rock        |       |       |       |     2 ||     2
Invok: Ancestor Life: He |       |       |     1 |       ||     1
Evoke: Wand              |       |       |       |     6 ||     6
  Use: Potion            |       |       |       |    13 ||    13
       Scroll            |       |       |       |    11 ||    11
 Stab: Sleeping          |     2 |    10 |    23 |     7 ||    42
       Confused          |       |       |     1 |     5 ||     6
       Distracted        |       |       |       |     4 ||     4
  Eat: Chunk             |     8 |     6 |    26 |    32 ||    72
       Ration            |       |       |       |     1 ||     1
Armor: Shadow dragon sca |    51 |    55 |    75 |   224 ||   405
       Skin              |       |       |       |     7 ||     7
Dodge: Dodged            |    23 |    28 |    45 |   106 ||   202
Block: Shield            |       |       |    40 |   273 ||   313
